 Dungeon Sprint DCSS version 0.28-a0-932-g843f935a50 (webtiles) character file.

Game seed: 14135213140217903290

518 emperorscorpion the Thaumaturge (level 7, 0/46 HPs)
             Began as a Djinni Air Elementalist on Nov 27, 2021.
             Was a Follower of Makhleb.
             Killed by their own static electricity (4 damage)
             ... in the Dungeon (Sprint IX: "|||||||||||||||||||||||||||||").
             The game lasted 00:02:41 (447 turns).

emperorscorpion the Thaumaturge (DjAE)               Turns: 447, Time: 00:02:42

Health: 0/46       AC:  7    Str:  9    XL:     7   Next: 45%
Gold:   0          EV: 14    Int: 17    God:    Makhleb [*.....] SH:  0 Dex: 13

rFire   + + .      SeeInvis .   i - +2 rapier (venom)
rCold   x . .      Faith    .   (no shield)
rNeg    . . .      Spirit   .   a - +0 robe
rPois   ∞          Reflect  .   (no helmet)
rElec   .          Harm     .   j - +0 cloak
rCorr   .          Rampage  .   (no gloves)
Will    .....      NoTele   +   (boots unavailable)
Stlth   ++........              (no amulet)
HPRegen 0.15/turn               l - +2 ring of protection
MPRegen 0.00/turn               m - +2 ring of protection

@: flying
A: sickness immunity, fire resistance 2, cold vulnerability 1, float, innate
caster, hp casting, extra vitality 1
a: Renounce Religion


You were in the Dungeon.
You worshipped Makhleb.
Makhleb was aware of your devotion.
You visited 1 branch

Inventory:

Hand Weapons
 i - a +2 rapier of venom (weapon)
Armour
 a - a +0 robe (worn)
 j - a +0 cloak (worn)
 k - a +1 chain mail
Jewellery
 l - a +2 ring of protection (left hand)
 m - a +2 ring of protection (right hand)
Wands
 h - a wand of acid (3)
Scrolls
 f - 2 scrolls of blinking
Potions
 b - 5 potions of curing
 c - 3 potions of heal wounds
 d - a potion of haste
 e - a potion of berserk rage
 g - a potion of invisibility


   Skills:
 + Level 0.3 Fighting
 * Level 4.7 Armour
 + Level 5.6 Dodging
 - Level 3.1 Stealth
 + Level 9.6 Spellcasting
 * Level 4.2 Invocations
 + Level 1.6 Evocations


You had 9 spell levels left.
You knew the following spells:

 Your Spells              Type           Power      Damage    Failure   Level
a - Shock                 Conj/Air       100%       1d9       1%          1
b - Static Discharge      Conj/Air       41%        N/A       1%          2
c - Swiftness             Air            41%        N/A       1%          3
d - Airstrike             Air            20%        N/A       1%          4
e - Animate Skeleton      Necr           82%        N/A       1%          1
f - Poisonous Vapours     Pois/Air       82%        N/A       1%          2
g - Dazzling Flash        Conj/Hex       82%        N/A       1%          3
Your spell library was empty.

Dungeon Overview and Level Annotations

Branches:
Dungeon (1/1)

Altars:
Cheibriados
Dithmenos
Elyvilon
Fedhas
Gozag
Hepliaklqana
Kikubaaqudgha
Makhleb
Nemelex Xobeh
Okawaru
Qazlal
Ru
Sif Muna
Trog
Uskayaw
Vehumet
Wu Jian
Xom
Yredelemnul
Zin
The Shining One
Beogh
Jiyva
Lugonu


Innate Abilities, Weirdness & Mutations

You are immune to sickness and miasma.
You are immune to poison.
Your flesh is very heat resistant. (rF++)
You are vulnerable to cold. (rC-)
You float through the air rather than walking.
You learn spells naturally, not from books.
Your magical power is your life essence.
You have superior vitality. (+4 HP)


Message History

The kobold brigand closely misses you.
Casting: Poisonous Vapours (safe; 1% risk of failure)
Confirm with . or Enter, or press ? or * to list all spells.
The kobold brigand is struck by an arc of lightning!
You kill the kobold brigand!
Makhleb accepts your kill.
You are struck by an arc of lightning.
Your Invocations skill increases to level 4!
Unknown command.
Press < or > to pray at altars.
Casting: Static Discharge (safe; 1% risk of failure)
Confirm with . or Enter, or press ? or * to list all spells.
Casting: Dazzling Flash (safe; 1% risk of failure)
Press: ? - help, Dir - look around, f - activate The troll is dazzled.
The troll barely misses you. x2; The troll misses you.
Unknown command.
Press < or > to pray at altars.
Casting: Dazzling Flash (safe; 1% risk of failure)
Confirm with . or Enter, or press ? or * to list all spells.
The troll is struck by an arc of lightning.
The troll is moderately wounded.
You are struck by an arc of lightning.
The lightning grounds out.
The troll barely misses you. x3
Unknown command.
Press < or > to pray at altars.
Casting: Static Discharge (safe; 1% risk of failure)
Confirm with . or Enter, or press ? or * to list all spells.
The troll is struck by an arc of lightning!
The troll is severely wounded.
The lightning grounds out.
The troll bites you!
* * * LOW HITPOINT WARNING * * *
The troll misses you. The troll barely misses you.
Unknown command.
Press < or > to pray at altars.
Casting: Static Discharge (safe; 1% risk of failure)
Confirm with . or Enter, or press ? or * to list all spells.
The troll is struck by an arc of lightning.
The troll is severely wounded.
You are struck by an arc of lightning.
You die...

▓_▓
▓_▓
▓_▓
▓_▓
▓_▓
▓_▓
▓_▓
▓_▓
▓@▓
▓T▓
▓_▓
▓_▓
▓†▓
▓!▓
▓?▓
▓)▓
▓.▓


You could see a troll (blind, extremely poisoned, corroded).

Vanquished Creatures
  A wraith (D)
  A yak (D)
  A necrophage (D)
  A kobold brigand (D)
  A killer bee (D)
  An iguana (D)
  A dart slug (D)
  A bat (D)
  A bat skeleton (D)
  2 endoplasms (D)
  A hobgoblin (D)
  A ball python skeleton (D)
  A jackal skeleton (D)
14 creatures vanquished.

Notes
Turn   | Place    | Note
-------+----------+-------------------------------------------
     0 | D        | emperorscorpion the Djinni Air Elementalist began the quest
                  | for the Orb.
     0 | D        | Reached XP level 1. HP: 15/15 MP: 0/0
     6 | D        | Reached skill level 3 in Spellcasting
    10 | D        | Reached XP level 2. HP: 13/21 MP: 0/0
   120 | D        | Noticed a necrophage
   126 | D        | Killed a necrophage
   127 | D        | Reached skill level 6 in Spellcasting
   127 | D        | Reached XP level 3. HP: 5/25 MP: 0/0
   127 | D        | Learned a level 1 spell: Animate Skeleton
   127 | D        | Reached XP level 4. HP: 6/31 MP: 0/0
   127 | D        | Reached XP level 5. HP: 7/35 MP: 0/0
   127 | D        | Learned a level 2 spell: Poisonous Vapours
   134 | D        | Found a snail-covered altar of Cheibriados.
   134 | D        | Found a shadowy altar of Dithmenos.
   134 | D        | Found a white marble altar of Elyvilon.
   134 | D        | Found a blossoming altar of Fedhas.
   134 | D        | Found an opulent altar of Gozag.
   135 | D        | Found a hazy altar of Hepliaklqana.
   136 | D        | Found a viscous altar of Jiyva.
   138 | D        | Found a corrupted altar of Lugonu.
   139 | D        | Found a burning altar of Makhleb.
   140 | D        | Found a sparkling altar of Nemelex Xobeh.
   141 | D        | Found an iron altar of Okawaru.
   142 | D        | Found a stormy altar of Qazlal.
   143 | D        | Found a sacrificial altar of Ru.
   145 | D        | Found a bloodstained altar of Trog.
   146 | D        | Found a hide-covered altar of Uskayaw.
   147 | D        | Became a worshipper of Makhleb the Destroyer
   149 | D        | Found an ornate altar of the Wu Jian Council.
   150 | D        | Found a shimmering altar of Xom.
   151 | D        | Found a basalt altar of Yredelemnul.
   152 | D        | Found a glowing silver altar of Zin.
   153 | D        | Found a glowing golden altar of the Shining One.
   416 | D        | Noticed a yak
   416 | D        | Noticed a kobold brigand
   416 | D        | Noticed a troll
   416 | D        | Noticed a wraith
   416 | D        | Noticed an acid dragon
   432 | D        | Reached skill level 1 in Armour
   432 | D        | Reached skill level 7 in Spellcasting
   433 | D        | Killed a yak
   434 | D        | Reached skill level 5 in Dodging
   434 | D        | Reached skill level 8 in Spellcasting
   434 | D        | Reached XP level 6. HP: 38/40 MP: 0/0
   438 | D        | Killed a wraith
   438 | D        | Reached * piety under Makhleb
   439 | D        | Reached skill level 9 in Spellcasting
   439 | D        | Reached skill level 1 in Evocations
   439 | D        | Reached XP level 7. HP: 35/45 MP: 0/0
   439 | D        | Learned a level 3 spell: Dazzling Flash
   447 | D        | Killed from afar by themself

Illustrated notes

Levels and vault maps discovered:
D:        linesprint [early_d, line_temple, items_1, d_10, items_2, lair_1,
          lair_end, items_3, orc_1, orc_end, items_4, d_15, swamp_1, shoals_1,
          snake_1, spider_1, d_20, vaults_1, items_5, swamp_end, shoals_end,
          snake_end, spider_end, vaults_end, d_27, items_6, zot_1, zot_end,
          crypt_end, forest_end, elf_end, slime_end, tomb_end, abyss_end,
          pan_hell_end]

Skill      XL: |  1  2  3  4  5  6  7 |
---------------+----------------------+-----
Spellcasting   | 3 6 8 9 |  9.6
Stealth        | 2 3 |  3.1
Dodging        | 4 5 |  5.6
Armour         | 3 4 |  4.7
Invocations    | 2 3 4 |  4.2
Evocations     | 1 |  1.6
Fighting       | |  0.3

Action                   |  1- 3 |  4- 6 |  7- 9 || total
-------------------------+-------+-------+-------++-------
 Cast: Shock             |     8 |     2 |       ||    10
       Static Discharge  |     4 |     1 |     3 ||     8
       Swiftness         |       |     1 |       ||     1
       Poisonous Vapours |       |       |     3 ||     3
       Dazzling Flash    |       |       |     2 ||     2
Evoke: Wand              |       |     7 |       ||     7
Armor: Robe              |     1 |       |       ||     1
Dodge: Dodged            |     4 |     1 |    12 ||    17

Table legend: (Time is in decaauts)
 A = Elapsed time spent in this place.
 B = Non-inter-level travel time spent in this place.
 C = Inter-level travel time spent in this place.
 D = Time resting spent in this place.
 E = Time spent auto-exploring this place.
 F = Levels seen in this place.
 G = Mean time per level.
                   A        B        C        D        E       F      G
               +--------+--------+--------+--------+--------+-----+--------+
         Total |    442 |    442 |      0 |    331 |      0 |   1 |  442.0 |
       Dungeon |    442 |    442 |      0 |    331 |      0 |   1 |  442.0 |
               +--------+--------+--------+--------+--------+-----+--------+

Top non-repeatable levels by time:
       D: 442 daAuts
